← All builds
Suicide front / Armada / Factory first / OBSERVED BUILD

Standard suicide front

The role's default: factory first (mostly Bot Lab), pushing Rocketeer-led bot play into the middle to contest and hold the front, with an Advanced Metal Extractor around 9:36 as the natural transition.

Usually lab first (63%)

#raid #push · 1291 distinct matches · 127 players · 71% of Armada Suicide front games · team won 59% of 1529 · Recently observed

HOW TO PLAY IT

Key timing: Bot Lab by 0:20

  1. Open with mex and wind, drop Bot Lab immediately.
  2. Push out first "Centurion" as Pond's boost lands.
  3. Send "Rocketeer", "Centurion", "Pawn" mix to contest middle.
  4. Add Dragon's Teeth and Sentries to hold the line.
  5. Get Advanced Metal Extractor up as T2 nears.

Phase by phase

TYPICAL OF ITS 1291 GAMES
  1. 1
  2. 2
  3. 3
PLAY THE OPENING

Follow the example game's first 6:00 step by step: what to build now, what comes next, and where it goes. At 1× it keeps pace with your own game.

  1. 1

    Bot Lab first

    Order
    1. Bot LabBot Lab done ~0:20, middle half 0:20–0:33

    Some games also: mex (36%)

  2. 2

    Bot Lab to 5:00

    Economy
    • Metal Extractor5Mex
    • Wind Turbine4Wind
    Builders
    • Construction Bot3 Con bot
    • Lazarus2 Lazarus
    Army
    • Sentry4 Sentry
    • Rocketeer17 Rocketeer
    • Tick2 Tick
    • Centurion1 Centurion
    Other
    • Radar Tower1 Radar Tower

    Some games also: con turret (35%) · pawn (32%)

    By 5:00 in all: 5 mex · 4 wind

    The example game in this phase · 32 steps
    1. Mex
    2. LazarusLazarus
    3. Wind
    4. TickTick
    5. Wind
    6. TickTick
    7. LazarusLazarus
    8. PawnPawn ×2
    9. LazarusLazarus
    10. PawnPawn ×4
    11. Construction BotCon bot ×2
    12. RocketeerRocketeer ×2
    13. Mex
    14. RocketeerRocketeer ×4
    15. Mex
    16. RocketeerRocketeer ×3
    17. Mex
    18. TickTick
    19. RocketeerRocketeer
    20. Radar TowerRadar Tower
    21. RocketeerRocketeer ×3
    22. Dragon's TeethDragon's Teeth ×2
    23. RocketeerRocketeer ×3
    24. Mex
    25. RocketeerRocketeer ×2
    26. SentrySentry
    27. Construction BotCon bot
    28. Mex
    29. Construction BotCon bot
    30. SentrySentry
    31. RocketeerRocketeer ×4
    32. PawnPawn ×3
  3. 3

    5:00 to 10:00

    Economy
    • Metal Extractor1Mex
    • Wind Turbine17Wind
    Builders
    • Construction Turret2 Con turret
    • Lazarus2 Lazarus
    • Construction Bot1 Con bot
    Army
    • Sentry1 Sentry
    • Rocketeer8 Rocketeer
    • Pawn1 Pawn

    Some games also: tick (47%) · energy storage (46%) · Radar Tower (46%) · centurion (45%) · Beamer (39%)

    By 10:00 in all: 6 mex · 23 wind · 1 energy storage · 3 con turret

    The example game in this phase · 77 steps
    1. PawnPawn
    2. SentrySentry
    3. PawnPawn
    4. Wind
    5. PawnPawn
    6. Wind
    7. PawnPawn
    8. Wind
    9. PawnPawn ×2
    10. Wind
    11. Construction BotCon bot
    12. Wind
    13. Dragon's TeethDragon's Teeth
    14. PawnPawn
    15. Dragon's TeethDragon's Teeth
    16. Wind
    17. PawnPawn ×2
    18. Metal storage
    19. PawnPawn
    20. Dragon's TeethDragon's Teeth
    21. PawnPawn
    22. Dragon's TeethDragon's Teeth ×2
    23. PawnPawn
    24. Wind
    25. Dragon's TeethDragon's Teeth
    26. PawnPawn
    27. Dragon's TeethDragon's Teeth ×2
    28. PawnPawn
    29. Wind
    30. Dragon's TeethDragon's Teeth
    31. PawnPawn
    32. Energy storage
    33. PawnPawn
    34. Advanced Metal ExtractorT2 mexdone 7:42 · typical 9:36
    35. PawnPawn
    36. Con turret
    37. PawnPawn ×2
    38. Con turret
    39. PawnPawn ×2
    40. Con turret
    41. PawnPawn
    42. RattlesnakeRattlesnakedone 9:00
    43. PawnPawn ×2
    44. Dragon's TeethDragon's Teeth
    45. PawnPawn
    46. Dragon's TeethDragon's Teeth
    47. PawnPawn
    48. Dragon's TeethDragon's Teeth ×2
    49. PawnPawn
    50. Dragon's TeethDragon's Teeth
    51. PawnPawn
    52. Dragon's TeethDragon's Teeth ×2
    53. PawnPawn
    54. Dragon's TeethDragon's Teeth ×2
    55. PawnPawn
    56. Dragon's TeethDragon's Teeth ×3
    57. PawnPawn ×2
    58. Wind ×3
    59. SentrySentry
    60. Wind ×7
    61. Bot LabBot Labdone 9:40
    62. Pit BullPit Bull
    63. Wind ×4
    64. CenturionCenturion
    65. Wind
    66. Advanced Metal ExtractorT2 mex
    67. CenturionCenturion
    68. Advanced Metal ExtractorT2 mex
    69. CenturionCenturion
    70. PawnPawn ×3
    71. RattlesnakeRattlesnake
    72. PawnPawn ×2
    73. Mex
    74. Fortification WallFortification Wall
    75. Mex
    76. Advanced Metal ExtractorT2 mex
    77. SentrySentry ×2

Counts are medians over the build's games: half of them build more, half fewer. The example game is Immort's (55 OS, 29/09/2026); pick another.

Team trades

IN AT LEAST 30% OF ITS GAMES

You hand over

Nothing regular.

You get

  • Tidal Generator4 Tidal from Pondfirst at 0:10 · in 69% of games
  • Advanced Construction Bot1 T2 con bot from Geo or Techfirst at 7:30 · in 59% of games

How it plays out

Typical game of this build, running totals by minute

Metal produced

010k20k30k
0:005:0010:0015:00

metal

Enemy metal destroyed

05k10k
0:005:0010:0015:00

metal

Own metal lost

05k10k
0:005:0010:0015:00

metal

1529 games.

Show as table
ByMetal produced: This buildEnemy metal destroyed: This buildOwn metal lost: This build
1:0022600
2:0088800
3:002051180106
4:003161658496
5:00424314131026
6:00543322981789
7:00667031752710
8:00792040313619
9:00931747964495
10:001069954265316
11:001226559036054
12:001411365126830
13:001622270137536
14:001810976968373
15:002046683299249
WHAT THE NUMBERS SAY

Standard suicide front play wins slightly more than half its games with fast kills but also fast losses, matching the raw grind of the role.

  • + First kill lands by 2:04 in all games
  • + Metal produced reaches 19882 by 15:00
  • − Own metal lost hits 9208 by 15:00, near metal destroyed of 8172
  • − First unit lost as early as 2:08 in every game
THE EXAMPLE YOU ARE READING

Immort

55.3 OS · 29/09/2026

Open source match ↗

7 received units · includes a constructor
1895 metal received · 30292 energy received

Allied construction assistance is unknown. Timings are observations, not a promise of solo reproducibility.

Typical milestones

Bot Lab0:20Middle 50%: 0:20–0:33 · n=1522
Advanced Metal Extractor9:36Middle 50%: 8:41–10:48 · n=1128

Played most by

_X_253games of this buildPlatinumBlonde181games of this buildXad120games of this buildImmort73games of this buildwatermeloans60games of this build